 Dungeon Crawl Stone Soup version 0.28.0-53-g5a82cb258f (webtiles) character file.

Game seed: 4857651409658119618

56435 PuuKala the Severer (level 14, -4/132 HPs)
             Began as a Hill Orc Berserker on Aug 15, 2022.
             Was a High Priest of Trog.
             Slain by Donald
             ... wielding a +3 broad axe of venom
              (21 damage)
             ... on level 2 of the Orcish Mines.
             The game lasted 01:14:50 (22959 turns).

PuuKala the Severer (Hill Orc Berserker)           Turns: 22959, Time: 01:14:54

Health: -4/132     AC: 22    Str: 33    XL:     14   Next: 81%
Magic:  21/21      EV: 12    Int: 12    God:    Trog [*****.]
Gold:   1663       SH:  0    Dex: 12    Spells: 13/13 levels left

rFire   . . .      SeeInvis .   i - +11 broad axe of Aklaoqasew {protect, Fragile rC+ Str+4 Int+5}
rCold   + . .      Faith    .   A - +0 buckler
rNeg    . . .      Spirit   .   d - +1 shadow dragon scales
rPois   .          Reflect  .   s - +1 helmet
rElec   .          Harm     .   y - +0 cloak
rCorr   .          Rampage  .   o - +0 pair of gloves
Will    ++++.                   (no boots)
Stlth   ++........              (no amulet)
HPRegen 1.32/turn               x - +6 ring of strength
MPRegen 0.17/turn               P - ring of willpower

@: confused, lethally poisoned (-4 -> -18), ambrosia-drunk, strong-willed, on
berserk cooldown, regenerating, slowed, very slow
A: no striking features
a: Renounce Religion, Berserk, Trog's Hand, Brothers in Arms


You were on level 2 of the Orcish Mines.
You worshipped Trog.
Trog was extremely pleased with you.
You visited 4 branches of the dungeon, and saw 20 of its levels.
You also visited: Ossuary.

You collected 1708 gold pieces.
You spent 45 gold pieces at shops.

Inventory:

Hand Weapons
 a - the +6 hunting sling of Impeachment {venom, rF+}
   (You found it on level 4 of the Dungeon)

   Any ammunition fired from it poisons the flesh of those it strikes.
   rF:        It protects you from fire.
 i - the +11 broad axe of Aklaoqasew (weapon) {protect, Fragile rC+ Str+4 Int+5}
   (You acquired it on level 6 of the Dungeon)

   It grants its wielder temporary protection when it strikes (+7 to AC).
   Str:       It affects your strength (+4).
   Int:       It affects your intelligence (+5).
   rC:        It protects you from cold.
   Fragile:   It will be destroyed if unequipped.
Missiles
 E - 4 throwing nets
Armour
 d - +1 shadow dragon scales (worn)
 o - a +0 pair of gloves (worn)
 s - a +1 helmet (worn)
 y - a +0 cloak (worn)
 A - a +0 buckler (worn)
 L - a +0 buckler
Jewellery
 h - a ring of positive energy
 x - a +6 ring of strength (left hand)
 G - a ring of resist corrosion
 P - a ring of willpower (right hand)
Wands
 b - a wand of flame (25) (quivered)
 m - a wand of iceblast (28)
 u - a wand of digging (12)
 w - a wand of paralysis (17)
Scrolls
 g - 10 scrolls of teleportation
 j - 5 scrolls of vulnerability
 k - 3 scrolls of fog
 v - 2 scrolls of torment
 C - 10 scrolls of identify
 F - 3 scrolls of enchant weapon
 H - 3 scrolls of magic mapping
 J - 3 scrolls of blinking {unknown}
 K - a scroll of silence
 N - a scroll of enchant armour
 O - a scroll of holy word {unknown}
Potions
 c - a potion of ambrosia
 e - 11 potions of curing {unknown}
 f - 2 potions of resistance {unknown}
 l - 2 potions of heal wounds {unknown}
 n - 3 potions of cancellation {unknown}
 p - 4 potions of attraction {unknown}
 q - 3 potions of berserk rage
 r - a potion of lignification {unknown}
 t - 3 potions of mutation {unknown}
 z - 5 potions of might {unknown}
 B - 8 potions of brilliance {unknown}
 D - 2 potions of magic {unknown}
 I - a potion of invisibility {unknown}
 M - a potion of degeneration {unknown}


   Skills:
 * Level 14.2 Fighting
 * Level 15.4 Axes
 - Level 2.9 Bows
 * Level 12.9 Armour
 + Level 7.2 Dodging
 + Level 8.1 Shields
 + Level 10.5 Invocations
 + Level 8.2 Evocations


You had 13 spell levels left.
You didn't know any spells.
Your spell library contained the following spells:

 Spells                   Type           Power      Damage    Failure   Level
 Magic Dart               Conj           0%         1d3       78%         1
 Shock                    Conj/Air       0%         1d3       78%         1
 Corpse Rot               Necr/Air       0%         N/A       89%         2
 Poisonous Vapours        Pois/Air       0%         N/A       89%         2
 Searing Ray              Conj           0%         2d4       89%         2
 Gell's Gravitas          Tloc           0%         N/A       98%         3
 Swiftness                Air            0%         N/A       98%         3
 Teleport Other           Tloc           0%         N/A       98%         3
 Airstrike                Air            0%         N/A       100%        4
 Fulminant Prism          Conj/Hex       0%         3d6       100%        4
 Dispersal                Tloc           0%         N/A       100%        6


Dungeon Overview and Level Annotations

Branches:
Dungeon (11/15)            Temple (1/1) D:5            Lair (6/6) D:8
  Swamp (0/4) Lair:3       Spider (0/4) Lair:4        Slime (0/5) Lair:6
    Orc (2/2) D:11            Elf (0/3) Orc:2       Ossuary (visited)

Altars:
Ashenzari
Cheibriados
Dithmenos
Elyvilon
Fedhas
Gozag
Hepliaklqana
Kikubaaqudgha
Makhleb
Nemelex Xobeh
Okawaru
Qazlal
Ru
Sif Muna
Trog
Uskayaw
Vehumet
Wu Jian
Xom
Yredelemnul
Zin
The Shining One

Shops:
D:7 [   D:9 *

Annotations:
D:3 1 runed translucent door
D:9 3 runed translucent doors, martbhell's ghost, novice GnSu
Orc:2 Donald


Message History

You barely miss the orc wizard.
You feel extremely sick. Donald hits you but does no damage.
You are more poisoned.
Donald barely misses your iron troll. You block the orc wizard's attack.
Your iron troll bites the orc wizard!!
The orc wizard dies!
Trog accepts your kill.
Trog appreciates your killing of a magic user.
Donald blocks your attack.
Donald is severely wounded.
You feel extremely sick.
Donald says, "Hey, I thought wands weren't allowed!"
Donald gestures wildly while chanting.
Donald seems to grow stronger.
Donald says, "I ran into an orc.
He called himself a warlord, and I asked what war?"
Donald hits you but does no damage.
Donald hits your iron troll with a +3 broad axe of venom!
Donald blocks your iron troll's attack.
Your iron troll claws Donald!
Donald blocks your iron troll's attack.
Unknown command.
Donald blocks your attack.
Donald is almost dead.
You feel extremely sick.
Donald hits you with a +3 broad axe of venom!!
* * * LOW HITPOINT WARNING * * *
You are lethally poisoned!
Donald hits your iron troll with a +3 broad axe of venom!
Your iron troll is poisoned.
Donald closely misses you.
Donald hits your iron troll with a +3 broad axe of venom!!
Your iron troll looks as sick as possible!
Donald blocks your iron troll's attack. x2; Your iron troll claws Donald!
You are confused.
You feel invigorated.
* * * LOW HITPOINT WARNING * * *
You feel extremely sick.
Donald hits your iron troll with a +3 broad axe of venom!!
Donald hits you with a +3 broad axe of venom!!
You die...

# # ## ## ####.# >#
##...#### .##
##.......##
..#####.........# .
..##.##.......)#####....
...##.#......).)@@.oo...
#..........##...T)....##
##........###...)....##
#........# ###....o.#
##.........# .........
..........## ...........
...........# ....##.....
.....##.......##.# .....
...### #.....


You could see Donald (fast, strong, ally target), 3 orcs and a friendly iron
troll (summoned, berserk, extremely poisoned).

Vanquished Creatures
  Josephine (Orc:2)
  9 hydras
  Harold (D:7)
  A boulder beetle (D:11)
  4 two-headed ogres
  A death yak (Lair:5)
  The ghost of aloneDruid the Carver, a novice DgGl (D:8)
  A skeletal warrior (D:6)
  An orb spider (Lair:4)
  A goliath frog (Lair:6)
  The ghost of raistware the Firebug, a novice HuFE of Vehumet (D:6)
  Pikel (D:9)
  An orc knight (Orc:1)
  An oklob plant (Lair:5)
  A cyclops (D:11)
  15 elephants (Lair:4)
  5 black mambas
  Joseph (D:7)
  A torpor snail (Lair:5)
  Maggie (Lair:2)
  19 cane toads
  An unseen horror (D:9)
  8 komodo dragons
  A tengu conjurer (D:8)
  A troll (Orc:2)
  3 tyrant leeches (Lair:6)
  5 dream sheep (Lair:5)
  33 blink frogs
  6 wraiths
  A shadow (D:9)
  6 wyverns
  36 yaks
  6 basilisks
  3 steam dragons
  5 vampire mosquitoes
  Edmund (D:6)
  The ghost of kalagan the Conjurer, an amateur DECj (D:3)
  12 water moccasins
  13 orc warriors
  2 ice beasts (D:8)
  9 ogres
  2 black bears
  A necrophage (D:6)
  11 wolves (Lair:2)
  4 centaurs
  A phantom (D:5)
  A kobold brigand (D:7)
  23 bullfrogs
  4 scorpions
  2 water moccasin zombies (Ossuary)
  2 wyvern skeletons (D:6)
  4 killer bees (D:10)
  2 howler monkeys (D:10)
  3 electric eels
  3 centaur zombies
  3 bullfrog zombies
  4 jellies
  8 orc priests
  3 hounds (D:6)
  Ijyb (D:4)
  5 iguanas
  Crazy Yiuf (D:4)
  12 orc wizards
  9 hell rats
  2 mummies (Ossuary)
  A howler monkey zombie (D:9)
  Robin (D:4)
  A gnoll (D:1)
  A howler monkey skeleton (D:7)
  3 adders
  A shadow imp (D:6)
  A white imp (D:7)
  An ufetubus (D:6)
  7 adder zombies (Ossuary)
  An adder skeleton (D:4)
  3 worms
  4 dart slugs
  39 orcs
  8 endoplasms
  4 giant cockroaches
  13 goblins
  5 hobgoblins
  4 jackals (D:2)
  5 quokkas
  7 ball pythons
  6 bats
  A frilled lizard (D:1)
  A gnoll zombie (Ossuary)
  4 hobgoblin zombies (Ossuary)
  5 kobolds
  4 kobold zombies (Ossuary)
  5 orc zombies (Ossuary)
  6 rats
474 creatures vanquished.

Vanquished Creatures (collateral kills)
  An orc wizard (Orc:2)
  An orc (Orc:2)
2 creatures vanquished.

Vanquished Creatures (others)
  14 fungi
  73 plants
  4 withered plants (D:4)
91 creatures vanquished.

Grand Total: 567 creatures vanquished

Notes
Turn   | Place    | Note
-------+----------+-------------------------------------------
     0 | D:1      | PuuKala the Hill Orc Berserker began the quest for the Orb.
     0 | D:1      | Reached XP level 1. HP: 19/19 MP: 1/1
   219 | D:1      | Reached XP level 2. HP: 27/27 MP: 2/2
   556 | D:1      | Reached XP level 3. HP: 22/33 MP: 3/3
  1290 | D:2      | Found a faded altar of an unknown god.
  1396 | D:2      | Reached XP level 4. HP: 39/40 MP: 4/4
  1426 | D:2      | Found an iron altar of Okawaru.
  1689 | D:2      | Reached skill level 1 in Invocations
  2179 | D:3      | Found a shimmering altar of Xom.
  2196 | D:3      | Found a bloodstained altar of Trog.
  2260 | D:3      | Found a runed translucent door.
  2261 | D:3      | Noticed kalagan's ghost (amateur DECj)
  2339 | D:3      | Found a runed translucent door.
  2384 | D:3      | Reached skill level 1 in Evocations
  2529 | D:3      | Reached XP level 5. HP: 47/47 MP: 5/5
  2625 | D:3      | Reached skill level 5 in Axes
  2660 | D:3      | Reached ** piety under Trog
  3177 | D:4      | Found an ancient bone altar of Kikubaaqudgha.
  3178 | D:4      | Found a blossoming altar of Fedhas.
  3365 | D:4      | Noticed Robin
  3372 | D:4      | Killed Robin
  3448 | D:4      | Reached skill level 1 in Bows
  3508 | D:4      | Noticed Ijyb
  3589 | D:4      | Killed Ijyb
  3990 | D:4      | Reached XP level 6. HP: 52/53 MP: 7/7
  4002 | D:4      | Found a runed translucent door.
  4003 | D:4      | Noticed Crazy Yiuf
  4178 | D:4      | Identified the +6 hunting sling of Impeachment {venom, rF+}
  4240 | D:5      | Entered Level 5 of the Dungeon
  4540 | D:5      | Reached skill level 5 in Fighting
  4866 | D:5      | Noticed a black bear
  4879 | D:5      | Killed a black bear
  4880 | D:5      | Reached XP level 7. HP: 61/61 MP: 8/8
  4903 | D:5      | Found a glowing silver altar of Zin.
  4984 | D:5      | Reached skill level 6 in Axes
  5126 | D:5      | Found a staircase to the Ecumenical Temple.
  5454 | D:5      | Reached XP level 8. HP: 44/70 MP: 10/10
  5825 | Temple   | Entered the Ecumenical Temple
  6133 | D:4      | Killed Crazy Yiuf
  6209 | D:3      | Killed kalagan's ghost
  6210 | D:3      | Reached skill level 5 in Armour
  6323 | D:6      | Found a runed translucent gate.
  6323 | D:6      | Found a runed translucent gate.
  6323 | D:6      | Noticed a skeletal warrior
  6324 | D:6      | Found a runed translucent gate.
  6329 | D:6      | Noticed raistware's ghost (novice HuFE)
  6427 | D:6      | Reached skill level 7 in Axes
  6868 | D:6      | Noticed Edmund
  6892 | D:6      | Killed Edmund
  7528 | D:6      | Identified the ring "Boorugim" {rF++ rN+ MP+9 Dex-5}
  7572 | D:6      | Reached XP level 9. HP: 72/73 MP: 12/12
  8634 | D:6      | Identified a scroll of acquirement
  8634 | D:6      | Acquired the +11 broad axe of Aklaoqasew {protect, Fragile
                  | rC+ Str+4 Int+5}
  8875 | D:6      | Reached skill level 8 in Axes
  8880 | D:6      | Killed raistware's ghost
  8881 | D:6      | Reached skill level 1 in Shields
  8884 | D:6      | Killed a skeletal warrior
  8885 | D:6      | Reached skill level 5 in Invocations
  9019 | D:7      | Found Nodawaso's Armour Boutique.
  9028 | D:7      | Found a sand-covered staircase.
  9034 | Ossuary  | Entered an ossuary
  9069 | Ossuary  | Reached *** piety under Trog
  9126 | Ossuary  | Reached skill level 9 in Axes
  9194 | D:7      | Bought a +0 buckler for 45 gold pieces
  9226 | D:7      | Reached XP level 10. HP: 74/89 MP: 12/14
  9368 | D:7      | Found an iron altar of Okawaru.
  9369 | D:7      | Noticed Joseph
  9382 | D:7      | Killed Joseph
  9538 | D:7      | Noticed Harold
  9549 | D:7      | Killed Harold
 10175 | D:8      | Found a staircase to the Lair.
 10360 | D:8      | Reached skill level 10 in Axes
 10543 | D:8      | Found a runed translucent door.
 10543 | D:8      | Noticed aloneDruid's ghost (novice DgGl)
 11490 | D:8      | Killed aloneDruid's ghost
 11795 | D:9      | Noticed Pikel
 11804 | D:9      | Killed Pikel
 11805 | D:9      | Reached skill level 5 in Evocations
 11805 | D:9      | Reached XP level 11. HP: 99/99 MP: 15/15
 11945 | D:9      | Found Zadyun's General Store.
 12173 | D:9      | Reached **** piety under Trog
 12193 | D:9      | Reached skill level 10 in Fighting
 12230 | D:9      | Found a runed translucent gate.
 12230 | D:9      | Found a runed translucent gate.
 12230 | D:9      | Found a runed translucent gate.
 12231 | D:9      | Noticed martbhell's ghost (novice GnSu)
 12268 | D:9      | Noticed a two-headed ogre
 12274 | D:9      | Killed a two-headed ogre
 12275 | D:9      | Reached skill level 11 in Axes
 12371 | D:10     | Entered Level 10 of the Dungeon
 12506 | D:10     | Noticed a two-headed ogre
 12516 | D:10     | Killed a two-headed ogre
 12517 | D:10     | Reached skill level 5 in Dodging
 13048 | D:11     | Found a staircase to the Orcish Mines.
 13062 | D:11     | Noticed a two-headed ogre
 13074 | D:11     | Killed a two-headed ogre
 13286 | D:11     | Noticed a cyclops
 13295 | D:11     | Killed a cyclops
 13423 | D:11     | Noticed a boulder beetle
 13445 | D:11     | Killed a boulder beetle
 13762 | D:11     | Reached skill level 5 in Shields
 13810 | D:11     | Noticed a two-headed ogre
 13816 | D:11     | Killed a two-headed ogre
 13817 | D:11     | Reached XP level 12. HP: 108/108 MP: 17/17
 13902 | Lair:1   | Entered Level 1 of the Lair of Beasts
 14016 | Lair:1   | Reached skill level 12 in Axes
 14373 | Lair:1   | Reached skill level 10 in Armour
 14595 | Lair:1   | Noticed a six-headed hydra
 14604 | Lair:1   | Killed a ten-headed hydra
 15302 | Lair:2   | Noticed Maggie
 15318 | Lair:2   | Killed Maggie
 15559 | Lair:2   | Noticed a five-headed hydra
 15579 | Lair:2   | Killed a 13-headed hydra
 16293 | Lair:3   | Reached skill level 13 in Axes
 16626 | Lair:3   | Reached XP level 13. HP: 118/118 MP: 19/19
 16750 | Lair:3   | Found a staircase to the Swamp.
 17160 | Lair:4   | Reached ***** piety under Trog
 17288 | Lair:4   | Found a hole to the Spider Nest.
 18769 | Lair:5   | Reached skill level 14 in Axes
 19501 | Lair:5   | Reached XP level 14. HP: 129/129 MP: 21/21
 19641 | Lair:5   | Found the +1 robe of Vines {NoPotionHeal Regen++++}
 20066 | Lair:6   | Entered Level 6 of the Lair of Beasts
 20074 | Lair:6   | Reached skill level 10 in Invocations
 20494 | Lair:6   | Found a staircase to the Slime Pits.
 20925 | Lair:6   | Reached skill level 15 in Axes
 22499 | Orc:1    | Entered Level 1 of the Orcish Mines
 22672 | Orc:2    | Entered Level 2 of the Orcish Mines
 22679 | Orc:2    | Received a gift from Trog
 22804 | Orc:2    | Noticed Josephine
 22821 | Orc:2    | Killed Josephine
 22909 | Orc:2    | Found a staircase to the Elven Halls.
 22943 | Orc:2    | Noticed Donald
 22959 | Orc:2    | Slain by Donald

Illustrated notes

Levels and vault maps discovered:
D:1:      nzn_arrival_settlement, layout_basic
D:2:      layout_rooms, hellmonk_ecumenical_altar_crossroads, basic_altar
D:3:      layout_basic, gammafunk_temple_overflow_pools, ebering_ghost_sewer_f
D:4:      layout_basic, grunt_temple_overflow_growth_and_decay,
          uniq_crazy_yiuf_cottage, uniq_ijyb, uniq_robin
D:5:      layout_loops_ring, mainiacjoe_overflow_small_starburst,
          minmay_temple_entry_mist, nicolae_elevator_lobby_plus
D:6:      layout_basic, gammafunk_ghost_split, kennysheep_decorative_pillar,
          minmay_misc_feat_diagonals, grunt_decor_mini_mirrors, uniq_edmund
D:7:      layout_basic, mainiacjoe_overflow_chevrons, serial_shops,
          nicolae_shop_trees, enter_ossuary_5, abandoned_shop, uniq_joseph,
          uniq_harold
D:8:      layout_layer_cave, lair_entry_dummy, ebering_ghost_inner_flame
D:9:      layout_roguey, gammafunk_ghost_spectres, serial_shops,
          kennysheep_little_box, uniq_pikel
D:10:     layout_cave_pools
D:11:     layout_irregular_city, orc_0_dummy
Temple:   eino_temple_scatter_basement
Lair:1:   layout_gridlike, serial_bayou_pond_d, beast_lair_carwin_9,
          infiniplex_staircase_pool_2
Lair:2:   layout_small_grid, serial_bayou_ford_a, st_stairs_3,
          serial_bayou_shore_a, uniq_maggie
Lair:3:   layout_cave_shapes, swamp_mist, grunt_megastairs_2
Lair:4:   layout_hall_layers, nicolae_spider_entry_orb_guardian
Lair:5:   layout_cave_shapes, hellmonk_guarded_unrand_vines,
          infiniplex_staircase_pool
Lair:6:   minmay_lair_end_frog_pond, layout_regular_city,
          nicolae_slime_entry_slimehenge
Orc:1:    layout_caves, uniq_erolcha
Orc:2:    pf_orc_diabolical, layout_diamond_mine, uniq_donald, uniq_josephine

Skill      XL: |  1  2  3  4  5  6  7  8  9 10 11 12 13 14 |
---------------+-------------------------------------------+-----
Fighting       | 4 5 6 7 8 9 10 12 13 14 | 14.2
Armour         | 3 4 5 7 8 9 10 11 12 | 12.9
Invocations    | 1 2 3 4 5 6 7 8 9 10 | 10.5
Dodging        | 2 3 4 5 6 7 |  7.2
Evocations     | 1 2 3 4 5 6 7 8 |  8.2
Axes           | 5 6 7 9 10 11 13 14 15 | 15.4
Bows           | 1 2 |  2.9
Shields        | 2 3 5 6 7 8 |  8.1

Action                   |  1- 3 |  4- 6 |  7- 9 | 10-12 | 13-15 || total
-------------------------+-------+-------+-------+-------+-------++-------
Melee: Hand axe          |    95 |   215 |   206 |       |       ||   516
       Punch             |     2 |     2 |     2 |       |       ||     6
       Broad axe         |       |       |    65 |   343 |   487 ||   895
Invok: Berserk           |     3 |     7 |     7 |    19 |    19 ||    55
       Trog's Hand       |       |       |       |     1 |     2 ||     3
       Brothers in Arms  |       |       |       |       |     1 ||     1
  Use: Scroll            |       |       |    10 |     5 |       ||    15
       Potion            |       |       |       |     1 |     2 ||     3
 Stab: Sleeping          |     4 |     4 |     2 |     5 |     6 ||    21
       Distracted        |       |       |       |       |     1 ||     1
Armor: Ring mail         |     5 |       |       |       |       ||     5
       Shadow dragon sca |    49 |   125 |    96 |   232 |   303 ||   805
Dodge: Dodged            |    40 |    62 |    92 |   169 |   246 ||   609
Block: Buckler           |       |       |     3 |    79 |   131 ||   213
